 Dungeon Crawl Stone Soup version 0.25-a0-701-gb30f108f01 (webtiles) character file.

Game seed: 17445537684791416205, levelgen mode: deterministic

286 DasRunzen the Twirler (level 6, 0/52 HPs)
             Began as a Draconian Gladiator on Apr 3, 2020.
             Succumbed to an orc wizard's poison
             ... on level 4 of the Dungeon.
             The game lasted 00:03:26 (2002 turns).

DasRunzen the Twirler (Draconian Gladiator)         Turns: 2002, Time: 00:03:27

Health: 0/52       AC:  8    Str: 17    XL:     6   Next: 8%
Magic:  1/9        EV: 13    Int: 10    God:
Gold:   117        SH:  0    Dex: 12    Spells: 9/9 levels left

rFire    . . .     SeeInvis +   a - +0 quarterstaff
rCold    . . .     Gourm    .   (shield currently unavailable)
rNeg     . . .     Faith    .   (armour unavailable)
rPois    .         Spirit   +   b - +1 hat
rElec    .         Reflect  .   (no cloak)
rCorr    .         Harm     .   e - +0 pair of gloves
MR       .....                  (no boots)
Stlth    +.........             j - amulet of guardian spirit
HPRegen  0.17/turn              o - ring of see invisible
MPRegen  0.11/turn              (no ring)

@: lethally poisoned (0 -> -13)
A: unfitting armour, cold-blooded, AC +6
a: no special abilities


You were on level 4 of the Dungeon.
You were near starving.

You visited 1 branch of the dungeon, and saw 4 of its levels.

You collected 117 gold pieces.

Inventory:

Hand Weapons
 a - a +0 quarterstaff (weapon)
Missiles
 c - 3 throwing nets (quivered)
Armour
 b - a +1 hat (worn)
 e - a +0 pair of gloves (worn)
Jewellery
 j - an amulet of guardian spirit (around neck)
 o - a ring of see invisible (left hand)
Scrolls
 f - 3 scrolls of teleportation
 h - a scroll of identify
 l - 3 scrolls of remove curse
Potions
 g - a potion of magic
 i - a potion of lignification
 k - a potion of berserk rage
 m - a potion of might
Comestibles
 d - 4 rations


   Skills:
 + Level 3.9 Fighting
 + Level 4.2 Staves
 - Level 1.7 Throwing
 + Level 3.9 Dodging
 + Level 2.4 Spellcasting


You had 9 spell levels left.
You didn't know any spells.
Your spell library was empty.

Dungeon Overview and Level Annotations

Branches:
Dungeon (4/15)
 Temple: D:4-7

Altars:
Zin

Shops:
D:4 *


Innate Abilities, Weirdness & Mutations

Your plain brown scales are hard. (AC +6)
You cannot fit into any form of body armour.
You are cold-blooded and may be slowed by cold attacks.


Message History

You feel sick.
The orc wizard begins to cast a cantrip, but forgets the words!
* * * LOW HITPOINT WARNING * * *
You feel sick.
* * * LOW HITPOINT WARNING * * *
You feel sick.
* * * LOW HITPOINT WARNING * * *
You feel sick.
The orc wizard is no longer moving quickly.
* * * LOW HITPOINT WARNING * * *
You feel sick.
The orc wizard points at you and mumbles some strange words.
The magic dart hits you.
* * * LOW HITPOINT WARNING * * *
Okay, then.
The orc wizard hits you but does no damage.
You are more poisoned.
You sock the orc wizard!
The orc wizard is almost dead.
You die...

#.. #.## #).#
#.)# ##.##
#..# #oo##
##o.####...
###@.....# ##
##..#######
#.# ##.....# #
#.#
##..#......#
###.#
##..###......#
..#.## ###.###
...)...
.....###..##
#......
#........##
#.....
##.....###
.....


You could see an orc wizard and 2 orcs.

Vanquished Creatures
  A crimson imp (D:3)
  2 orc priests
  Jessica (D:2)
  2 orc wizards
  4 adders
  2 oozes
  A worm (D:2)
  A dart slug (D:2)
  5 leopard geckos
  6 orcs (D:3)
  A bat (D:3)
  A giant cockroach (D:3)
  7 goblins
  8 hobgoblins
  A quokka (D:3)
  5 frilled lizards
  2 kobolds (D:2)
  A quokka skeleton (D:4)
  6 rats
57 creatures vanquished.

Notes
Turn   | Place    | Note
-------+----------+-------------------------------------------
     0 | D:1      | DasRunzen the Draconian Gladiator began the quest for the
                  | Orb.
     0 | D:1      | Reached XP level 1. HP: 17/17 MP: 1/1
   258 | D:1      | Reached XP level 2. HP: 21/25 MP: 2/2
   534 | D:2      | Noticed Jessica
   539 | D:2      | Killed Jessica
   539 | D:2      | Reached skill level 1 in Spellcasting
   539 | D:2      | Reached XP level 3. HP: 24/30 MP: 4/4
  1129 | D:2      | Reached XP level 4. HP: 38/38 MP: 4/6
  1391 | D:3      | Reached XP level 5. HP: 37/45 MP: 4/7
  1504 | D:3      | Reached skill level 4 in Staves
  1947 | D:4      | Found Zin's Purification Station.
  1952 | D:4      | Found a glowing silver altar of Zin.
  1983 | D:4      | Reached XP level 6. HP: 32/52 MP: 9/9
  2000 | D:4      | HP: 2/52 [orc wizard/magic dart (2)]
  2002 | D:4      | Succumbed to an orc wizard's poison

Levels and vault maps discovered:
D:1:      lemuel_arrival_rhombus, layout_basic
D:2:      wander_river, layout_loops_corners, st_stairs_2,
          kennysheep_generic_room_12, uniq_jessica
D:3:      layout_loops_ring
D:4:      layout_cave_pods, zin_purify, first_ration, minmay_bisected

Skill      XL: |  1  2  3  4  5 |
---------------+----------------+-----
Dodging        | 3 |  3.9
Spellcasting   | 1 2 |  2.4
Fighting       | 3 |  3.9
Staves         | 4 |  4.2
Throwing       | |  1.7

Action                   |  1- 3 |  4- 6 || total
-------------------------+-------+-------++-------
Melee: Quarterstaff      |    69 |   119 ||   188
       Tailslap          |     2 |    12 ||    14
  Use: Scroll            |     8 |     5 ||    13
       Potion            |       |     1 ||     1
 Stab: Sleeping          |       |     2 ||     2
  Eat: Chunk             |       |     2 ||     2
Armor: Skin              |    18 |    55 ||    73
Dodge: Dodged            |    43 |    76 ||   119

Table legend:
 A = Non-vault XP
 B = Vault XP
 C = Vault XP percentage of total XP
 D = Non-vault monster count
 E = Vault monster count
 F = Vault count percentage of total count
                 A         B        C        D         E       F
            +---------+---------+-------+---------+---------+-------
      Total |     354 |      55 |  13.4 |      52 |       5 |   8.8
            +---------+---------+-------+---------+---------+-------
        D:1 |      18 |       0 |   0.0 |       7 |       0 |   0.0
        D:2 |      41 |      55 |  57.3 |      14 |       5 |  26.3
        D:3 |     196 |       0 |   0.0 |      27 |       0 |   0.0
        D:4 |      99 |       0 |   0.0 |       4 |       0 |   0.0
            +---------+---------+-------+---------+---------+-------
